AoeStats
← omerfarukyilmazpdr

Nomad

510949117Analyzed
2v2 RM · 11h ago on Oct 3, 2026· 40m 12s· 4 players
Game mode
Random Map
Map size
176×176
Population
200
Speed
Normal
Resources
Standard
Victory
Conquest
Starting age
Dark Age
Ending age
Imperial Age
RankedLock teamsTeams togetherTeam positionsShared explorationLock speedFull tech treeHidden civsTurbo modeCheats
Victory
Defeat
🇲🇽 Lithuanians · Mexico
945
+12
🇹🇼 Huns · Taiwan
869
+14
🇹🇷 Gurjaras · Türkiye
851
-33
🇹🇷 Mongols · Türkiye
831
-31
watchout0723
4:47 Loom
12:55 Feudal Age
13:05 Man-at-Arms
14:02 Double-Bit Axe
19:43 Fishing Lines
23:30 Castle Age
24:28 Husbandry
24:42 Gillnets
25:19 Bow Saw
25:15 Fletching
33:06 Imperial Age
31:24 Squires
34:25 Pikeman
38:57 Conscription
jorge_luis_sh
3:05 Loom
14:53 Feudal Age
16:31 Fishing Lines
17:34 Wheelbarrow
16:47 Double-Bit Axe
17:54 Gold Mining
18:05 Stone Mining
18:43 Man-at-Arms
19:09 Arson
19:13 Town Watch
21:40 Castle Age
20:59 Forging
20:39 Fletching
20:50 Padded Archer Armor
20:56 Scale Barding Armor
21:48 Bloodlines
23:03 Husbandry
22:26 Light Cavalry
24:03 Town Patrol
24:06 Gillnets
25:22 Medium Warships
26:34 Fervor
28:39 Horse Collar
29:10 Bow Saw
29:56 Hand Cart
30:11 Heavy Plow
30:28 Bodkin Arrow
32:43 Iron Casting
33:08 Hill Forts
36:51 Imperial Age
35:56 Chain Barding Armor
36:16 Scale Mail Armor
36:31 Leather Archer Armor
35:38 Pikeman
36:19 Squires
35:44 Demolition Ship
37:35 Capped Ram
38:48 Tower Shields
38:42 Halberdier
40:00 Bracer
40:06 Treadmill Crane
40:37 Masonry
41:28 Chemistry
40:49 Ballistics
40:20 Heated Shot
41:02 Ring Archer Armor
40:09 Cavalier
xDel25
3:57 Loom
14:17 Feudal Age
15:36 Double-Bit Axe
16:29 Wheelbarrow
18:38 Horse Collar
21:46 Town Watch
21:57 Gold Mining
22:00 Stone Mining
23:29 Scale Mail Armor
23:38 Scale Barding Armor
27:15 Castle Age
25:31 Fishing Lines
28:33 Bow Saw
29:35 Gillnets
32:23 Stone Shaft Mining
34:23 Hand Cart
omerfarukyilmazpdr
12:40 Feudal Age
13:30 Double-Bit Axe
13:30 Fishing Lines
17:00 Loom
17:00 Town Watch
20:50 Wheelbarrow
25:48 Castle Age
24:03 Padded Archer Armor
23:54 Fletching
24:07 Scale Mail Armor
24:19 Forging
26:07 Stone Mining
27:36 Pikeman
28:18 Squires
29:25 Bow Saw
29:09 Gold Mining
29:13 Gillnets
31:58 Leather Archer Armor
31:39 Bodkin Arrow
32:04 Chain Mail Armor
32:37 Gold Shaft Mining
32:28 Squires
32:15 Arson
33:22 Wheelbarrow
34:48 Nomads
34:50 Bodkin Arrow
37:45 Imperial Age
38:00 Bodkin Arrow
38:29 Ballistics
38:20 Masonry
38:47 Conscription
Connection lost

Rejoining the realm…

Still unreachable

The connection could not be restored.

Session expired

The server has moved on; the page needs a fresh start.